 Dungeon Crawl Stone Soup version 0.20.1-1-g8b1a95d (webtiles) character file.

10653 Hylus the Severer (level 11, 0/99 HPs)
             Began as a Deep Dwarf Berserker on Oct 5, 2017.
             Was a High Priest of Trog.
             Slain by an orc warrior
             ... wielding a cursed -3 mace
             ... led by Saint Roka
              (19 damage)
             ... on level 2 of the Orcish Mines on Oct 6, 2017.
             The game lasted 00:59:13 (9337 turns).

Hylus the Severer (Deep Dwarf Berserker)            Turns: 9337, Time: 00:59:13

Health: 0/99       AC: 19    Str: 27    XL:     11   Next: 39%
Magic:  6/6        EV: 10    Int:  8    God:    Trog [*****.]
Gold:   845        SH:  0    Dex: 17    Spells: 10/10 levels left

rFire    + . .     SeeInvis +   Y - +1 executioner's axe (elec)
rCold    . . .     Gourm    .   (shield currently unavailable)
rNeg     . . .     Faith    .   a - +0 plate armour {rF+}
rPois    .         Spirit   .   c - +0 helmet
rElec    .         Reflect  .   J - +0 cloak
rCorr    .         Harm     .   r - +0 pair of gloves {Dex+3}
MR       +....                  (no boots)
Stlth    ..........             z - amulet of magic regeneration
Regen    0.0/turn               D - ring "Fokege" {Str+3 SInv}
MPRegen  0.2/turn               Q - +2 ring of protection

@: berserk cooldown, non-regenerating, slowed, very slow
A: damage resistance, heal wounds, agile 1, blurry vision 1, sense surroundings
2, no regeneration
a: Heal Wounds, Berserk, Trog's Hand, Brothers in Arms, Burn Spellbooks,
Renounce Religion


You were on level 2 of the Orcish Mines.
You worshipped Trog.
Trog was extremely pleased with you.
You were not hungry.

You visited 3 branches of the dungeon, and saw 13 of its levels.
You also visited: Ossuary.

You collected 911 gold pieces.
You spent 66 gold pieces at shops.

Inventory:

Hand Weapons
 n - a +6 battleaxe
 M - a +0 shortbow
 Y - a +1 executioner's axe of electrocution (weapon)
Missiles
 d - 184 stones
 g - 104 sling bullets
 h - 8 javelins
 p - 168 arrows
 x - 27 bolts
 C - 19 poisoned needles
 Z - 3 tomahawks of returning (quivered)
Armour
 a - a +0 plate armour of fire resistance (worn)
 b - a +1 animal skin
 c - a +0 helmet (worn)
 r - a +0 pair of gloves of dexterity (worn)
 J - a +0 cloak (worn)
 N - a +0 plate armour
Jewellery
 z - an amulet of magic regeneration (around neck)
 D - the ring "Fokege" (left hand) {Str+3 SInv}
   (You found it on level 7 of the Dungeon)

   [ring of see invisible]

   It affects your strength (+3).
   It lets you see invisible.
 Q - a +2 ring of protection (right hand)
Wands
 L - a wand of polymorph (6/24)
 R - a wand of disintegration (8/24)
 X - a wand of polymorph (15/24)
Scrolls
 i - 14 scrolls of remove curse
 k - a scroll of immolation
 y - 2 scrolls of fog
 B - 2 scrolls of recharging
 E - a scroll of fear
 H - 2 scrolls of blinking
 O - 2 scrolls of teleportation
 U - a scroll of identify
Potions
 m - a potion of ambrosia
 q - 3 potions of brilliance
 t - a potion of agility
 I - a potion of flight
 P - a potion of mutation
 T - a potion of invisibility
Comestibles
 u - 2 royal jellies
 V - 2 fruits
 W - a bread ration


   Skills:
 + Level 6.7 Fighting
   Level 2.0 Short Blades
 * Level 15.2 Axes
 + Level 2.2 Throwing
 + Level 7.3 Armour
 + Level 4.0 Dodging
 + Level 3.0 Stealth
 + Level 1.8 Evocations


You had 10 spell levels left.
You didn't know any spells.

Dungeon Overview and Level Annotations

Branches:
Dungeon (10/15)            Temple (0/1) D:5             Orc (2/2) D:10
    Elf (1/3) Orc:2
   Lair: D:8-11

Altars:
Elyvilon
Fedhas
Gozag
Hepliaklqana
Makhleb
Uskayaw
Yredelemnul
Zin
Beogh

Shops:
D:5 }   Orc:2 !

Annotations:
Orc:2 Saint Roka


Innate Abilities, Weirdness & Mutations

You are resistant to damage.
You can heal yourself by infusing magical energy.
You passively map the area around you.
You do not regenerate.
You are agile. (Dex +2)
Scrolls take you a little longer to read.


Message History

The orc priest hits you but does no damage.
The smoke demon gestures at you. Beogh smites you!
The orc hits you but does no damage.
Saint Roka roars a battlecry!
The orcs go into a battle-frenzy!
The orc warrior hits you with a mace!
* * * LOW HITPOINT WARNING * * *
The orc warrior barely misses you. The orc wizard hits you with a dagger.
The orc hits you but does no damage. The orc priest closely misses you.
An orc comes into view.
Your ogre goes berserk!
You feel somewhat more hungry.
The orc wizard points at you and mumbles some strange words.
The puff of flame misses you.
The puff of flame misses the orc warrior.
Saint Roka invokes the aid of Beogh against you.
Beogh smites you!
* * * LOW HITPOINT WARNING * * *
The orc warrior hits you with a mace!!
You die...

.))).#......# #.....#.# ,
.)).###.##.##**#...#####..###.#
...###.##..# ,#...#. #.# #.#,,
.#......##.# ,'o..' ,, , , ,
........##.# #34.# * ,
.#.........#####o8o##### *
####.......#..o#ooo#...# #.# #
####.......#..ooo4o'...#, #...,
#..........# o#@oo# * #...#
##.#+##..#.# ##ooO## # ##...#
##.# ,#.##.## #8)).8# ##. ##.....
...# #.##..###.)...# #..##......
...# ,#..#....##'''##...#.##.....
...# ,#........))..............#.
.#.####.......()8.8..............
##.............................#.
###..........................###


You could see Saint Roka, an orc high priest, an orange demon, a hellwing, a
smoke demon, 2 orc warriors, an orc priest, 2 orc wizards, 8 orcs and a friendly
ogre (berserk).

Vanquished Creatures
  A centaur warrior (D:10)
  An orc knight (Orc:2)
  3 orc sorcerers
  A troll (D:8)
  2 hippogriffs
  A shadow (D:9)
  A wyvern (D:8)
  A warg (D:10)
  An ice beast (D:10)
  A black bear (D:9)
  22 orc warriors
  A phantom (D:7)
  3 necrophages
  3 centaurs
  The ghost of letownia the Insei, an amateur OpTm (D:4)
  An elf zombie (D:4)
  A big kobold (D:8)
  A wyvern zombie (D:9)
  3 bullfrogs
  3 elf skeletons (D:4)
  3 scorpions
  4 killer bees (D:8)
  9 wights
  5 howler monkeys (D:7)
  2 centaur zombies
  A bullfrog zombie (D:6)
  A crimson imp (D:10)
  2 human zombies
  Crazy Yiuf (D:7)
  A bullfrog skeleton (D:6)
  3 hounds
  18 orc priests
  17 orc wizards
  3 iguanas
  Natasha (twice) (D:1)
  5 worker ants
  3 hound zombies
  A hound skeleton (D:7)
  4 mummies (Ossuary)
  Robin (D:3)
  14 adders
  3 shadow imps
  A white imp (D:9)
  2 oozes
  3 worms
  4 dart slugs
  8 leopard geckos
  79 orcs
  A ball python (D:7)
  3 bats
  7 giant cockroaches
  2 gnoll zombies (Ossuary)
  16 goblins
  9 hobgoblins
  3 jackals (D:5)
  16 kobolds
  4 quokkas
  5 frilled lizards
  3 leopard gecko skeletons
  An orc skeleton (D:4)
  4 orc zombies (Ossuary)
  A quokka skeleton (D:4)
  A quokka zombie (D:7)
  8 rats
336 creatures vanquished.

Vanquished Creatures (collateral kills)
  A two-headed ogre (D:10)
  A gargoyle (D:10)
  An eye of draining (D:10)
  3 orc warriors (D:10)
  An ogre (D:10)
  A centaur (D:10)
  2 orc priests (D:10)
  An orc wizard (D:10)
  3 orcs (D:10)
14 creatures vanquished.

Grand Total: 350 creatures vanquished

Notes
Turn   | Place    | Note
-------+----------+-------------------------------------------
     0 | D:1      | Hylus the Deep Dwarf Berserker began the quest for the Orb.
     0 | D:1      | Reached XP level 1. HP: 20/20 MP: 1/1
    34 | D:1      | Reached XP level 2. HP: 20/27 MP: 2/2
   457 | D:1      | Reached XP level 3. HP: 21/34 MP: 3/3
   631 | D:2      | Found a white marble altar of Elyvilon.
   633 | D:2      | Noticed Natasha
   647 | D:1      | Killed Natasha
   647 | D:1      | Reached skill level 4 in Axes
   660 | D:1      | Noticed Natasha
   672 | D:1      | Killed Natasha
   672 | D:1      | Reached XP level 4. HP: 40/42 MP: 4/4
   784 | D:2      | Reached ** piety under Trog
   861 | D:2      | Reached skill level 1 in Short Blades
   861 | D:2      | Reached skill level 1 in Stealth
  1421 | D:2      | Reached XP level 5. HP: 44/49 MP: 5/5
  1557 | D:3      | Reached skill level 1 in Throwing
  1629 | D:3      | Found an opulent altar of Gozag.
  1757 | D:3      | Noticed Robin
  1775 | D:3      | Killed Robin
  1876 | D:3      | Reached *** piety under Trog
  2539 | D:4      | Noticed letownia's ghost (amateur OpTm)
  2554 | D:4      | Killed letownia's ghost
  2554 | D:4      | Reached XP level 6. HP: 57/57 MP: 6/6
  2634 | D:4      | Found a faded altar of an unknown god.
  2634 | D:4      | Found a blossoming altar of Fedhas.
  2642 | D:4      | Found a faded altar of an unknown god.
  2645 | D:4      | Found a hazy altar of Hepliaklqana.
  2647 | D:4      | Found a basalt altar of Yredelemnul.
  2964 | D:4      | Reached skill level 5 in Axes
  2975 | D:4      | Found a sand-covered staircase.
  3003 | D:4      | Reached XP level 7. HP: 35/63 MP: 7/7
  3008 | Ossuary  | Entered an ossuary
  3185 | Ossuary  | Gained mutation: You are weak. (Str -2) [potion of mutation]
  3185 | Ossuary  | Gained mutation: Your body sometimes deteriorates upon taking damage. [potion of mutation]
  3185 | Ossuary  | Gained mutation: Your mind is acute. (Int +2) [potion of mutation]
  3185 | Ossuary  | Gained mutation: Your flesh is heat resistant. (rF+) [potion of mutation]
  3300 | D:4      | Reached skill level 6 in Axes
  3353 | D:4      | Reached **** piety under Trog
  3610 | D:5      | Entered Level 5 of the Dungeon
  3756 | D:5      | Reached skill level 7 in Axes
  3816 | D:5      | Found Vefforom's Gadget Boutique.
  3863 | D:5      | Found a staircase to the Ecumenical Temple.
  4188 | D:6      | Reached XP level 8. HP: 47/72 MP: 7/7
  4350 | D:6      | Lost mutation: Your mind is acute. (Int +2) [potion of mutation]
  4350 | D:6      | Lost mutation: Your flesh is heat resistant. (rF+) [potion of mutation]
  4350 | D:6      | Lost mutation: You are weak. (Str -2) [potion of mutation]
  4350 | D:6      | Lost mutation: Your body sometimes deteriorates upon taking damage. [potion of mutation]
  4350 | D:6      | Gained mutation: Scrolls take you a little longer to read. [potion of mutation]
  4350 | D:6      | Gained mutation: You are agile. (Dex +2) [potion of mutation]
  4571 | D:6      | Reached skill level 8 in Axes
  4638 | D:6      | Reached skill level 5 in Armour
  5052 | D:7      | Noticed an enchanted dagger
  5052 | D:7      | Noticed a dagger
  5054 | D:7      | Found a hide-covered altar of Uskayaw.
  5057 | D:7      | Reached skill level 9 in Axes
  5254 | D:7      | Got a slimy amber ring
  5266 | D:7      | Identified the ring "Fokege" {Str+3 SInv} (You found it on level 7 of the Dungeon)
  5289 | D:7      | Reached ***** piety under Trog
  5379 | D:7      | Gained mutation: You passively map the area around you. [Deep Dwarf growth]
  5379 | D:7      | Reached XP level 9. HP: 55/80 MP: 8/8
  5455 | D:7      | Found a runed door.
  5459 | D:7      | Noticed Crazy Yiuf
  5464 | D:7      | Killed Crazy Yiuf
  5555 | D:7      | Reached skill level 10 in Axes
  5759 | D:7      | Reached skill level 5 in Fighting
  6378 | D:8      | Reached skill level 11 in Axes
  6517 | D:8      | Noticed a troll
  6527 | D:8      | Killed a troll
  6527 | D:8      | Reached skill level 1 in Evocations
  6894 | D:9      | Reached skill level 12 in Axes
  7199 | D:9      | Found a burning altar of Makhleb.
  7201 | D:9      | Found a glowing silver altar of Zin.
  7202 | D:9      | Noticed a balrug
  7202 | D:9      | Noticed an angel
  7440 | D:9      | Found Wauxzel's Assorted Antiques.
  7467 | D:9      | Reached XP level 10. HP: 60/90 MP: 8/8
  7649 | D:10     | Entered Level 10 of the Dungeon
  7671 | D:10     | Found a staircase to the Orcish Mines.
  7686 | D:10     | Identified a scroll of acquirement
  7705 | D:10     | Found a roughly hewn altar of Beogh.
  7799 | D:10     | Noticed a two-headed ogre
  7800 | D:10     | Noticed a gargoyle
  7801 | D:10     | Killed a gargoyle
  7804 | D:10     | Killed a two-headed ogre
  7804 | D:10     | Reached skill level 13 in Axes
  7969 | D:10     | Received a gift from Trog
  8092 | D:10     | Noticed a centaur warrior
  8102 | D:10     | Killed a centaur warrior
  8404 | Orc:1    | Entered Level 1 of the Orcish Mines
  8426 | Orc:1    | Reached skill level 14 in Axes
  8529 | Orc:1    | Noticed an orc sorcerer
  8540 | Orc:1    | Killed an orc sorcerer
  8632 | Orc:2    | Entered Level 2 of the Orcish Mines
  8656 | Orc:2    | Noticed an orc knight
  8673 | Orc:2    | Killed an orc knight
  8673 | Orc:2    | Received a gift from Trog
  8673 | Orc:2    | Reached XP level 11. HP: 34/98 MP: 9/9
  8754 | Orc:2    | Found a staircase to the Elven Halls.
  8769 | Elf:1    | Entered Level 1 of the Elven Halls
  8848 | Orc:2    | Found a roughly hewn altar of Beogh.
  8986 | Orc:2    | Noticed an orc sorcerer
  8991 | Orc:2    | Killed an orc sorcerer
  9047 | Orc:2    | Noticed an orc sorcerer
  9047 | Orc:2    | Found a roughly hewn altar of Beogh.
  9047 | Orc:2    | Found Ofoe's Distillery.
  9053 | Orc:2    | Paralysed by an orc sorcerer for 4 turns
  9059 | Orc:2    | Noticed a soul eater
  9059 | Orc:2    | Killed an orc sorcerer
  9066 | Orc:2    | Reached skill level 15 in Axes
  9111 | Orc:2    | Bought a potion of curing for 33 gold pieces
  9111 | Orc:2    | Bought a potion of curing for 33 gold pieces
  9321 | Orc:2    | Noticed Saint Roka
  9321 | Orc:2    | Noticed an orc high priest
  9337 | Orc:2    | Slain by an orc warrior

Skill      XL: |  1  2  3  4  5  6  7  8  9 10 11 |
---------------+----------------------------------+-----
Fighting       | 3 4 5 6 |  6.7
Axes           | 4 5 7 9 12 14 15 | 15.2
Short Blades   | 1 2 |  2.0
Stealth        | 1 2 3 |  3.0
Throwing       | 1 2 |  2.2
Armour         | 3 4 5 7 |  7.3
Dodging        | 3 4 |  4.0
Evocations     | 1 |  1.8

Action                   |  1- 3 |  4- 6 |  7- 9 | 10-12 || total
-------------------------+-------+-------+-------+-------++-------
Melee: Hand axe          |    43 |   109 |   208 |       ||   360
       Short sword       |    38 |   148 |       |       ||   186
       Battleaxe         |       |       |   217 |    99 ||   316
       Executioner's axe |       |       |       |    82 ||    82
Throw: Stone             |    11 |    23 |    46 |     1 ||    81
       Tomahawk          |       |       |       |    12 ||    12
Invok: Berserk           |       |     6 |     6 |     5 ||    17
       Trog's Hand       |       |     1 |       |     1 ||     2
       Burn Spellbooks   |       |       |     2 |       ||     2
       Brothers in Arms  |       |       |       |     4 ||     4
 Abil: Heal Wounds       |     1 |     1 |     7 |    16 ||    25
Evoke: Wand              |       |       |     8 |     1 ||     9
  Use: Scroll            |     5 |     5 |    17 |     3 ||    30
       Potion            |     1 |     8 |     8 |     5 ||    22
 Stab: Sleeping          |     1 |     3 |       |       ||     4
       Invisible         |       |       |       |     1 ||     1
  Eat: Bread ration      |     1 |     1 |     1 |     1 ||     4
       Chunk             |       |     2 |     3 |       ||     5
       Fruit             |       |     1 |       |       ||     1
       Meat ration       |       |     1 |     1 |     1 ||     3
       Royal jelly       |       |       |     4 |       ||     4
Armor: Animal skin       |    12 |    13 |       |       ||    25
       Chain mail        |       |    47 |   106 |       ||   153
       Plate armour      |       |       |    84 |   132 ||   216
       Skin              |       |       |     4 |       ||     4
Dodge: Dodged            |    34 |   116 |   155 |    92 ||   397
